General information
			
			
        
        - name: BNet
 
        - type: Ladder team game (AT/RT)
 
        - host: Battle.net
 
        - saver: TrackStar
 
        
map: TwilightRuins 
        - players: 8
 
        - length: 05:57
 
        - speed: Fast
 - version: 1.28 W3XP
 - replay type:  Public
 
» download(45 KB)
Players
        team 1 (winner) 
              
              
iMaGiNe] (
teal | 70 APM | 419 actions | 05:57)
              
 1 Archmage 
 1 Summon Water Elemental
 
                » actions 
                
                | Assign group hotkey | 46 |  | 
| Basic commands | 14 |  | 
| Build / train | 26 |  | 
| Enter build submenu | 14 |  | 
| Enter hero's abilities submenu | 1 |  | 
| Right click | 157 |  | 
| Select / deselect | 120 |  | 
| Select group hotkey | 23 |  | 
| Use ability | 18 |  | 
                419 total
 » units 
                » buildings
                
                | Altar of Kings | 1 |  | 
| Barracks | 1 |  | 
| Farm | 4 |  | 
| Scout Tower | 3 |  | 
| Lumber Mill | 1 |  | 
| Arcane Tower | 5 |  | 
| Keep | 2 |  | 
| Blacksmith | 1 |  | 
| Guard Tower | 1 |  | 
                19 total
 » build order
                00:14 Altar of Kings
00:20 Barracks
00:31 Farm
01:04 Farm
01:40 Farm
01:45 Farm
01:55 Scout Tower
02:13 Lumber Mill
02:16 Scout Tower
03:09 Arcane Tower
03:09 Arcane Tower
03:15 Arcane Tower
03:15 Arcane Tower
03:15 Arcane Tower
04:02 Keep
04:02 Keep
04:31 Blacksmith
04:37 Scout Tower
05:24 Guard Tower
 
               
              
              
hjd999 (
orange | 51 APM | 307 actions | 05:57)
              
 3 Archmage 
 1 Summon Water Elemental
 2 Brilliance Aura
 
                » actions 
                
                | Assign group hotkey | 4 |  | 
| Basic commands | 23 |  | 
| Build / train | 51 |  | 
| Enter build submenu | 10 |  | 
| Enter hero's abilities submenu | 3 |  | 
| Right click | 46 |  | 
| Select / deselect | 91 |  | 
| Select group hotkey | 59 |  | 
| Use ability | 20 |  | 
                307 total
 » units 
                » upgrades
                
                | Defend | 1 |  | 
| Lumber Harvesting | 1 |  | 
                2 total
 » buildings
                
                | Altar of Kings | 1 |  | 
| Farm | 4 |  | 
| Barracks | 1 |  | 
| Scout Tower | 1 |  | 
| Arcane Tower | 4 |  | 
| Keep | 6 |  | 
| Lumber Mill | 1 |  | 
| Blacksmith | 1 |  | 
| Arcane Sanctum | 1 |  | 
                20 total
 » build order
                00:12 Altar of Kings
00:14 Farm
00:17 Barracks
00:55 Farm
01:15 Scout Tower
01:44 Arcane Tower
01:45 Arcane Tower
01:45 Arcane Tower
02:49 Keep
02:49 Keep
02:50 Keep
03:19 Lumber Mill
03:42 Farm
04:24 Blacksmith
05:37 Arcane Sanctum
05:44 Farm
 
               
              
              
cryptoneet (
pink | 68 APM | 408 actions | 05:57)
              
 1 Death Knight 
 1 Death Coil
 
                » actions 
                
                | Assign group hotkey | 5 |  | 
| Basic commands | 2 |  | 
| Build / train | 16 |  | 
| Enter build submenu | 7 |  | 
| Enter hero's abilities submenu | 1 |  | 
| Right click | 218 |  | 
| Select / deselect | 61 |  | 
| Select group hotkey | 90 |  | 
| Use ability | 8 |  | 
                408 total
 » units 
                
                | Acolyte | 2 |  | 
| Ghoul | 4 |  | 
| Crypt Fiend | 3 |  | 
                9 total
 » upgrades
                » buildings
                
                | Crypt | 1 |  | 
| Altar of Darkness | 1 |  | 
| Ziggurat | 3 |  | 
| Graveyard | 1 |  | 
| Halls of the Dead | 1 |  | 
| Spirit Tower | 2 |  | 
                9 total
 » build order
                00:09 Crypt
00:12 Altar of Darkness
00:34 Ziggurat
01:10 Ziggurat
01:30 Graveyard
02:32 Ziggurat
04:09 Halls of the Dead
04:56 Spirit Tower
04:57 Spirit Tower
 
               
              
              
BebitoLindo (
purple | 45 APM | 268 actions | 05:57)
              
 1 Blademaster 
 1 Wind Walk
 
                » actions 
                
                | Assign group hotkey | 11 |  | 
| Basic commands | 6 |  | 
| Build / train | 12 |  | 
| Enter build submenu | 6 |  | 
| Enter hero's abilities submenu | 1 |  | 
| Right click | 124 |  | 
| Select / deselect | 83 |  | 
| Select group hotkey | 15 |  | 
| Use ability | 10 |  | 
                268 total
 » units 
                
                | Peon | 3 |  | 
| Grunt | 2 |  | 
| Troll Headhunter/Berserker | 3 |  | 
                8 total
 » upgrades
                » buildings
                
                | Altar of Storms | 1 |  | 
| Orc Burrow | 2 |  | 
| Barracks | 1 |  | 
| War Mill | 1 |  | 
| Voodoo Lounge | 1 |  | 
                6 total
 » build order
                00:09 Altar of Storms
00:13 Orc Burrow
00:39 Barracks
01:19 War Mill
01:51 Orc Burrow
03:03 Voodoo Lounge
» items
                 
               team 2 (loser) 
              
              
Asar (
green | 18 APM | 82 actions | 04:32)
              
                » actions 
                
                | Assign group hotkey | 2 |  | 
| Build / train | 12 |  | 
| Enter build submenu | 6 |  | 
| Right click | 20 |  | 
| Select / deselect | 22 |  | 
| Select group hotkey | 14 |  | 
| Use ability | 6 |  | 
                82 total
 » units 
                » buildings
                
                | Crypt | 1 |  | 
| Ziggurat | 2 |  | 
| Graveyard | 1 |  | 
| Altar of Darkness | 1 |  | 
| Tomb of Relics | 1 |  | 
                6 total
 » build order
                00:22 Crypt
00:27 Ziggurat
01:19 Graveyard
01:29 Altar of Darkness
01:40 Ziggurat
02:35 Tomb of Relics
» items
                
                | Rod of Necromancy | 1 |  | 
| Sacrificial Skull | 1 |  | 
                2 total
  
               
              
              
TrackStar (
yellow | 11 APM | 67 actions | 05:57)
              
                » actions 
                
                | Basic commands | 6 |  | 
| Right click | 48 |  | 
| Select / deselect | 8 |  | 
| Use ability | 5 |  | 
                67 total
  
               
              
              
Newbs (
blue | 13 APM | 68 actions | 05:07)
              
 1 Blademaster 
 1 Wind Walk
 
                » actions 
                
                | Build / train | 16 |  | 
| Enter build submenu | 7 |  | 
| Enter hero's abilities submenu | 1 |  | 
| Right click | 12 |  | 
| Select / deselect | 25 |  | 
| Use ability | 7 |  | 
                68 total
 » units 
                » buildings
                
                | War Mill | 1 |  | 
| Orc Burrow | 3 |  | 
| Altar of Storms | 1 |  | 
| Voodoo Lounge | 1 |  | 
| Watch Tower | 1 |  | 
| Stronghold | 2 |  | 
                9 total
 » build order
                00:25 War Mill
00:39 Orc Burrow
01:09 Altar of Storms
01:40 Orc Burrow
02:25 Voodoo Lounge
02:51 Watch Tower
03:00 Stronghold
03:00 Stronghold
03:38 Orc Burrow
» items
                 
               
              
              
» 
Explicit (
red | 44 APM | 175 actions | 03:56)
              
 1 Blademaster 
 1 Wind Walk
 
                » actions 
                
                | Assign group hotkey | 12 |  | 
| Build / train | 17 |  | 
| Enter build submenu | 7 |  | 
| Enter hero's abilities submenu | 1 |  | 
| Right click | 77 |  | 
| Select / deselect | 49 |  | 
| Select group hotkey | 5 |  | 
| Use ability | 7 |  | 
                175 total
 » units 
                » buildings
                
                | Altar of Storms | 1 |  | 
| Orc Burrow | 2 |  | 
| Voodoo Lounge | 1 |  | 
| War Mill | 1 |  | 
| Stronghold | 2 |  | 
                7 total
 » build order
                00:22 Altar of Storms
00:37 Orc Burrow
01:05 Voodoo Lounge
01:32 Orc Burrow
02:00 War Mill
03:04 Stronghold
03:04 Stronghold
» items
                
                | Healing Salve | 1 |  | 
| Lesser Clarity Potion | 1 |  | 
| Scroll of Speed | 1 |  | 
                3 total
  
                Chat log
          (00:05 / All) iMaGiNe]: gg we lose
(00:07 / All) iMaGiNe]: Trackstar mvp
(00:28 / Allies) Explicit: y=mx+b
(00:34 / Allies) Newbs: cc
(00:39 / Allies) Asar: MOTHER FUCKER
(00:40 / Allies) Explicit: ok
(00:53 / All) Asar: WASTE VERY ONE TIME
(00:56 / All) Asar: MOTHER FUCKER
(01:16 / All) Newbs: green are you drunk?
(01:19 / All) iMaGiNe]: i had him last game
(01:35 / All) Newbs: green is the type of guy that gets drunk and ends up in a barfight
(01:54 / All) Newbs: kicks ass or gets his ass kicked at the bar
(01:59 / All) Newbs: the kind of guy green is
(02:04 / Allies) Explicit: def gets ass kicked
(02:12 / All) Newbs: and then obviously goes to jail
(02:19 / All) Newbs: after someone calls the cops
(02:20 / All) Newbs: ahahah
(02:36 / All) Newbs: somone always calls the cops
(02:38 / Allies) Explicit: blue
(02:46 / Allies) Explicit: no harassal no rassal dassal
(02:46 / All) Newbs: and somone always gets arrested
(03:01 / Allies) Explicit: units blue
(03:17 / All) Newbs: so the question is, do you want to go home or do you want to go to jail?
(03:22 / All) Newbs: what is it going to be
(03:47 / Allies) Newbs: yellow is trolling us
(03:51 / Allies) Newbs: get mad at him green
(03:56 / Allies) Newbs: snap on yellow
(04:00 / All) Asar: WHERE THE FUCK U BEEN?>
(04:01 / All) Asar: RED
(04:16 / All) Asar: U JUST NOW SE IT?
(04:23 / All) Asar: U MUST GET DRUNK
(04:25 / All) Newbs: gg, yellow is trolling, the newb has his peons running around in circles
(04:30 / All) Newbs: around his hall
(04:34 / All) BebitoLindo: aw bummer
(04:38 / All) Newbs: yellow is loser
(04:40 / All) Newbs: duh
(04:58 / All) Newbs: punk kid, logged on to ruin your entertainment
(05:49 / All) TrackStar: got em all
(05:50 / All) TrackStar: GOT EM ALL